 Dungeon Crawl Stone Soup version 0.27.1-4-g1640c2035a (webtiles) character file.

Game seed: 13831106317969294288

6389 clintblambert the Martial Artist (level 10, -7/83 HPs)
             Began as a Demigod Transmuter on Nov 1, 2021.
             Mangled by a purple ugly thing (14 damage)
             ... on level 8 of the Dungeon.
             The game lasted 00:45:35 (15360 turns).

clintblambert the Martial Artist (DgTm)            Turns: 15360, Time: 00:45:36

Health: -7/83      AC:  2    Str: 11    XL:     10   Next: 39%
Magic:  19/22      EV: 26    Int: 15    God:
Gold:   421        SH:  5    Dex: 31    Spells: 7/20 levels left

rFire    . . .     SeeInvis .     - Unarmed
rCold    . . .     Faith    .   (shield currently unavailable)
rNeg     . . .     Spirit   .   (armour currently unavailable)
rPois    x         Reflect  +   (helmet currently unavailable)
rElec    .         Harm     .   (cloak currently unavailable)
rCorr    .         Rampage  .   (gloves currently unavailable)
Will     +....                  (boots currently unavailable)
Stlth    ++........             j - amulet of reflection
HPRegen  0.23/turn              q - ring of wizardry
MPRegen  0.18/turn              (no ring)

@: spider-form, marked, studying 2 skills
A: venomous fangs, tiny, high mp 1, forlorn
a: End Transformation


You were on level 8 of the Dungeon.
You were a venomous arachnid creature.
You visited 1 branch of the dungeon, and saw 8 of its levels.
You also visited: Ossuary and Bailey.

You collected 421 gold pieces.

Inventory:

Missiles
 g - 8 curare-tipped darts
Armour
 a - a +0 robe
 d - a +1 pair of gloves (melded)
 f - a +0 leather armour
 p - a +0 cloak (melded)
 A - the +0 pair of boots "Waijia" {rElec rN+ Int-5}
   (You found it in a bailey)

   Int:       It affects your intelligence (-5).
   rElec:     It insulates you from electricity.
   rN:        It protects you from negative energy.
 B - +2 steam dragon scales (melded)
Jewellery
 j - an amulet of reflection (around neck)
 q - a ring of wizardry (left front leg)
 C - a +4 ring of evasion
Wands
 z - a wand of acid (6)
Scrolls
 b - a scroll of fear {unknown}
 e - 4 scrolls of teleportation {unknown}
 i - 3 scrolls of holy word {unknown}
 k - 3 scrolls of enchant armour {unknown}
 l - 8 scrolls of identify {unknown}
 n - a scroll of enchant weapon {unknown}
 r - a scroll of amnesia {unknown}
 u - a scroll of vulnerability {unknown}
 x - a scroll of noise {unknown}
 y - a scroll of magic mapping {unknown}
Potions
 c - 3 potions of degeneration {unknown}
 h - 6 potions of curing
 m - a potion of resistance {unknown}
 o - a potion of lignification {unknown}
 s - a potion of heal wounds {unknown}
 t - a potion of magic {unknown}
 v - a potion of haste {unknown}
 w - a potion of brilliance {unknown}
Miscellaneous
 D - a phial of floods
 E - a lightning rod (4/4)


   Skills:
 * Level 6.2 Fighting
 * Level 2.5 Armour
 + Level 4.9 Dodging
 * Level 8.7 Unarmed Combat
 * Level 5.5 Spellcasting
 + Level 0.9 Hexes
 + Level 1.4 Summonings
 + Level 1.4 Necromancy
 + Level 1.5 Translocations
 * Level 6.9 Transmutations
 + Level 2.2 Fire Magic
 * Level 3.2 Ice Magic
 + Level 1.4 Air Magic
 + Level 1.4 Earth Magic
 - Level 3.4 Poison Magic
 + Level 1.4 Evocations


You had 7 spell levels left.
You knew the following spells:

 Your Spells              Type           Power      Damage    Failure   Level
a - Beastly Appendage     Tmut           50%        N/A       1%          1
b - Wereblood             Tmut           25%        N/A       2%          2
c - Spider Form           Tmut/Pois      9%         N/A       6%          3
d - Ice Form              Ice/Tmut       19%        N/A       16%         4
e - Tukima's Dance        Hex            6%         N/A       26%         3

Your spell library contained the following spells:

 Spells                   Type           Power      Damage    Failure   Level
 Animate Skeleton         Necr           16%        N/A       9%          1
 Pain                     Necr           32%        1d5       9%          1
 Ensorcelled Hibernation  Hex/Ice        20%        N/A       10%         2
 Corona                   Hex            6%         N/A       11%         1
 Blink                    Tloc           N/A        N/A       12%         2
 Searing Ray              Conj           8%         3d3       21%         2
 Lesser Beckoning         Tloc           4%         N/A       21%         3
 Vampiric Draining        Necr           4%         2d6       21%         3
 Animate Dead             Necr           4%         N/A       47%         4
 Freezing Cloud           Conj/Ice/Air   4%         6-21      77%         5
 Manifold Assault         Tloc           8%         N/A       77%         5
 Haunt                    Necr/Summ      4%         N/A       100%        7
 Infestation              Necr           4%         N/A       100%        8
 Lehudib's Crystal Spear  Conj/Erth      3%         10d2      100%        8


Dungeon Overview and Level Annotations

Branches:
Dungeon (8/15)             Temple (0/1) D:4         Ossuary (visited)
 Bailey (visited)
   Lair: D:8-11

Annotations:
D:2 1 runed translucent door, Crazy Yiuf


Innate Abilities, Weirdness & Mutations

You are a venomous arachnid creature.
You have poisonous fangs.
You are tiny and dextrous.
Your spellcasting is less reliable in this form.
Your armour is entirely melded.
You are incapable of wielding weapons or throwing items.
Your attributes grow dramatically as you level up.
You have an increased reservoir of magic. (+10% MP)
You shall have no god before yourself.


Message History

You bite Harold!
You feel a bit better.
You kill Harold!
Harold groans, "My... family..." and then collapses, dead.
Unknown command.
No target in view!
A cyclops is nearby!
Unknown command.
You hiss as the wereblood boils in your veins!
Your primal bloodlust is almost over.
Your transformation is almost over.
You hiss as the wereblood boils in your veins!
The centaur warrior shoots an arrow.
The arrow hits you!
You hiss as the wereblood boils in your veins!
The centaur warrior shoots an arrow.
The arrow hits you!!
* * * LOW HITPOINT WARNING * * *
There is an open door here.
Casting: Wereblood (safe; 2% risk of failure)
Confirm with . or Enter, or press ? or * to list all spells.
You don't know that spell.
As you close the door, it creaks loudly!
Your primal bloodlust has ended.
Your transformation has ended.
Your +0 cloak unmelds from your body.
Your +1 pair of gloves unmelds from your body.
Your +2 steam dragon scales unmelds from your body.
There is an open door here.
You close the door.
Unknown command.
Casting: Wereblood (safe; 1% risk of failure)
Confirm with . or Enter, or press ? or * to list all spells.
You turn into a venomous arachnid creature.
Your +0 cloak melds into your body.
Your +1 pair of gloves melds into your body.
Your +2 steam dragon scales melds into your body.
The cyclops throws a large rock.
The large rock barely misses you.
Unknown command.
The centaur warrior shoots an arrow.
The arrow hits you!
* * * LOW HITPOINT WARNING * * *
The purple ugly thing punches you!
You die...

##.####.......
'............ #
#....##......^...
#.#....##.........
.#.#....##........
.'.'....''........
########
#.#....##......#
#<......
#.......#.....s#
########
#.......#....u.#
#####....#
#.......#......#
#...##...###
.C.......cC.....#
#._..##.....
##......).###+###
#....##..###
#.######..##.#
#....'..## #
#....#.##.#
#....#..#
#.##.#.##.#
#)_..##.# ..
#.#..#+####
#...###.#


You could see a purple ugly thing, a centaur warrior and a cyclops.

Vanquished Creatures
  Harold (D:8)
  A centaur warrior (D:8)
  Grinder (D:4)
  3 hornets
  Prince Ribbit (D:7)
  Eustachio (D:5)
  A wyvern (D:8)
  A steam dragon (D:8)
  Menkaure (D:4)
  A black bear (D:7)
  3 orc warriors (Bailey)
  2 sky beasts
  2 ogres
  2 necrophages
  3 centaurs (D:8)
  A gnoll sergeant (D:8)
  A bullfrog (D:7)
  A scorpion (D:5)
  5 water moccasin zombies (Ossuary)
  2 water moccasin skeletons
  7 killer bees
  4 wights (D:6)
  A bullfrog zombie (D:5)
  A howler monkey (D:7)
  A centaur zombie (D:6)
  A human zombie (D:6)
  4 jellies
  2 hounds
  An orc priest (D:8)
  A bullfrog skeleton (D:7)
  A gnoll shaman (D:8)
  Terence (D:2)
  3 iguanas
  4 orc wizards
  2 killer bee zombies
  A hound zombie (D:5)
  A howler monkey zombie (D:7)
  2 mummies (Ossuary)
  Robin (D:4)
  4 gnolls (D:8)
  7 adders
  2 howler monkey skeletons
  A shadow imp (D:6)
  4 white imps
  3 ufetubi
  13 adder zombies
  A worm zombie (D:6)
  An adder skeleton (D:4)
  3 worms (D:2)
  3 dart slugs
  33 orcs
  7 endoplasms
  4 giant cockroaches
  3 gnoll zombies (Ossuary)
  25 goblins
  15 hobgoblins
  3 jackals (D:5)
  4 kobolds
  4 quokkas
  8 ball pythons
  5 bats
  3 frilled lizards (D:1)
  4 hobgoblin zombies (Ossuary)
  5 kobold zombies
  2 orc zombies (Ossuary)
  5 rats
245 creatures vanquished.

Vanquished Creatures (collateral kills)
  An orc warrior (Bailey)
1 creature vanquished.

Vanquished Creatures (others)
  A dancing weapon (Bailey)
1 creature vanquished.

Grand Total: 247 creatures vanquished

Notes
Turn   | Place    | Note
-------+----------+-------------------------------------------
     0 | D:1      | clintblambert the Demigod Transmuter began the quest for
                  | the Orb.
     0 | D:1      | Reached XP level 1. HP: 15/15 MP: 5/5
   250 | D:1      | Reached skill level 3 in Unarmed Combat
   275 | D:1      | Reached skill level 1 in Fighting
   275 | D:1      | Reached XP level 2. HP: 23/23 MP: 5/7
   821 | D:1      | Learned a level 2 spell: Wereblood
  2165 | D:1      | Reached XP level 3. HP: 28/28 MP: 6/8
  2796 | D:2      | Found a runed translucent door.
  2797 | D:2      | Noticed Crazy Yiuf
  3527 | D:2      | Reached skill level 5 in Unarmed Combat
  3527 | D:2      | Reached skill level 5 in Transmutations
  3527 | D:2      | Reached XP level 4. HP: 11/41 MP: 8/12
  4103 | D:2      | Reached skill level 5 in Fighting
  4103 | D:2      | Reached skill level 1 in Armour
  4103 | D:2      | Reached skill level 6 in Unarmed Combat
  4103 | D:2      | Reached skill level 1 in Summonings
  4103 | D:2      | Reached skill level 1 in Necromancy
  4103 | D:2      | Reached skill level 1 in Translocations
  4103 | D:2      | Reached skill level 1 in Ice Magic
  4103 | D:2      | Reached skill level 1 in Air Magic
  4103 | D:2      | Reached skill level 1 in Earth Magic
  4103 | D:2      | Reached skill level 1 in Poison Magic
  4103 | D:2      | Reached skill level 1 in Evocations
  4103 | D:2      | Reached XP level 5. HP: 48/48 MP: 12/14
  4386 | D:2      | Noticed Terence
  4392 | D:2      | Killed Terence
  4890 | D:3      | Learned a level 3 spell: Spider Form
  4895 | D:3      | Learned a level 4 spell: Ice Form
  4903 | D:3      | Reached XP level 6. HP: 56/56 MP: 11/15
  6124 | D:4      | Noticed Menkaure
  6124 | D:4      | Noticed Grinder
  6126 | D:4      | Paralysed by Grinder for 6 turns
  6380 | D:4      | Found a staircase to the Ecumenical Temple.
  6394 | D:4      | Noticed Robin
  6467 | D:4      | Killed Robin
  7071 | D:4      | Paralysed by Grinder for 6 turns
  7086 | D:4      | Killed Grinder
  7087 | D:4      | Reached XP level 7. HP: 6/61 MP: 14/17
  7514 | D:4      | Killed Menkaure
  8008 | D:5      | Entered Level 5 of the Dungeon
  8015 | D:5      | Noticed Eustachio
  8366 | D:5      | Killed Eustachio
  8367 | D:5      | Reached skill level 7 in Unarmed Combat
  8367 | D:5      | Reached XP level 8. HP: 65/69 MP: 14/18
  8807 | D:5      | Noticed a hornet
  8814 | D:5      | Killed a hornet
  9541 | D:5      | Learned a level 3 spell: Tukima's Dance
 10457 | D:6      | Found a sand-covered staircase.
 10483 | Ossuary  | Entered an ossuary
 11035 | Ossuary  | Reached XP level 9. HP: 74/74 MP: 15/20
 11088 | Ossuary  | Reached skill level 5 in Spellcasting
 12622 | D:7      | Reached skill level 8 in Unarmed Combat
 12909 | D:7      | Noticed Prince Ribbit
 12929 | D:7      | Killed Prince Ribbit
 13672 | D:8      | Noticed a komodo dragon
 13676 | D:8      | Noticed a purple ugly thing
 13676 | D:8      | Noticed a cyclops
 13677 | D:8      | Noticed a centaur warrior
 13862 | D:8      | Found a flagged portal.
 13888 | Bailey   | Entered a bailey
 14207 | Bailey   | Noticed an orc knight
 14432 | Bailey   | Identified the +0 pair of boots "Waijia" {rElec rN+ Int-5}
 14681 | D:8      | Reached XP level 10. HP: 75/83 MP: 18/21
 14724 | D:8      | Noticed a centaur warrior
 14734 | D:8      | Killed a centaur warrior
 15084 | D:8      | Got the Grimoire of the Lethal Snowflakes
 15314 | D:8      | Noticed Harold
 15339 | D:8      | Killed Harold
 15347 | D:8      | Identified the ring "Zaubras" {rN+ Dex+6}
 15360 | D:8      | Mangled by a purple ugly thing

Illustrated notes

Levels and vault maps discovered:
D:1:      elethiomel_arrival_shortcut, layout_basic,
          chequers_serial_rivers_small_b
D:2:      layout_basic, nrook_loot_triangle, roderic_roman_lattice,
          chequers_serial_rivers_small_b, serial_bayou_crossing, uniq_terence,
          uniq_crazy_yiuf_cottage
D:3:      layout_basic, kennysheep_doodads
D:4:      layout_cave_pools, minmay_temple_entry_mini_moons, minmay_bisected,
          uniq_menkaure, uniq_robin, uniq_grinder
D:5:      layout_basic, nicolae_overflow_hidden_temple, uniq_eustachio
D:6:      layout_layer_cave, chequers_temple_overflow_statue_of_worship,
          enter_ossuary_3, st_stairs_9
D:7:      layout_basic, nemelex_diamond_rough_becter, serial_aquarium,
          aquarium_bridge_long_separate [aquarium_subvault_window,
          aquarium_subvault_bridge, aquarium_subvault_window,
          aquarium_subvault_wall, aquarium_subvault_bridge,
          aquarium_subvault_balcony], aquarium_window_fake, aquarium_window_1,
          aquarium_window_corner, aquarium_view_2b, aquarium_pool_S,
          uniq_prince_ribbit1
D:8:      minmay_the_grid_square_5x5_3x3 [minmay_the_grid_square_5x5_inner_z,
          minmay_the_grid_square_5x5_lines, minmay_the_grid_square_5x5_v,
          minmay_the_grid_square_5x5_eight,
          minmay_the_grid_square_5x5_megaprize_diamond,
          minmay_the_grid_square_5x5_detours,
          minmay_the_grid_square_5x5_hollow_slash,
          minmay_the_grid_square_5x5_spiral,
          minmay_the_grid_square_5x5_shrine2], layout_basic,
          grunt_temple_overflow_gold_and_silver,
          mainiacjoe_overflow_tiny_flanked, serial_curves, eino_curves_02,
          eino_curves_02, lightli_bailey_entry_fortress, minmay_manual_mares,
          uniq_harold

Skill      XL: |  1  2  3  4  5  6  7  8  9 10 |
---------------+-------------------------------+-----
Unarmed Combat | 3 5 6 7 8 |  8.7
Fighting       | 1 4 5 6 |  6.2
Dodging        | 2 3 4 |  4.9
Transmutations | 2 5 6 |  6.9
Spellcasting   | 3 4 5 |  5.5
Armour         | 1 2 |  2.5
Summonings     | 1 |  1.4
Necromancy     | 1 |  1.4
Translocations | 1 |  1.5
Fire Magic     | 2 |  2.2
Ice Magic      | 1 2 3 |  3.2
Air Magic      | 1 |  1.4
Earth Magic    | 1 |  1.4
Poison Magic   | 1 2 3 |  3.4
Evocations     | 1 |  1.4
Hexes          | |  0.9

Action                   |  1- 3 |  4- 6 |  7- 9 | 10-12 || total
-------------------------+-------+-------+-------+-------++-------
Melee: Unarmed           |   148 |   126 |   455 |    52 ||   781
       Kick              |    18 |     4 |     4 |       ||    26
       Headbutt          |     8 |     2 |     2 |       ||    12
       Punch             |     1 |       |     1 |       ||     2
 Cast: Beastly Appendage |    27 |     5 |     4 |       ||    36
       Wereblood         |     5 |     7 |    17 |     5 ||    34
       Spider Form       |       |    20 |    38 |     8 ||    66
       Ice Form          |       |       |    22 |     1 ||    23
       Tukima's Dance    |       |       |     6 |       ||     6
  Use: Potion            |     1 |     2 |       |       ||     3
 Stab: Sleeping          |     3 |     5 |     3 |       ||    11
       Invisible         |       |     1 |       |       ||     1
       Distracted        |       |       |     1 |       ||     1
Armor: Robe              |    45 |     4 |       |       ||    49
       Skin              |       |    10 |    73 |     4 ||    87
       Leather armour    |       |       |     2 |       ||     2
Dodge: Dodged            |    98 |    90 |   338 |    34 ||   560
Block: Other             |       |       |   110 |    17 ||   127
       Reflection        |       |       |       |     5 ||     5
